 Seeded DCSS version 0.30.1-9-gdf580d7c3d (webtiles) character file.

Game seed: 6351066067085065685 (custom seed)

12303 Esekla the Thaumaturge (level 11, -1/60 HPs)
             Began as a Deep Elf Wanderer on Oct 10, 2023.
             Was a High Priest of Vehumet.
             Slain by an orc knight
             ... wielding a +0 war axe
              (16 damage)
             ... on level 1 of the Orcish Mines.
             The game lasted 01:15:47 (10534 turns).

Esekla the Thaumaturge (Deep Elf Wanderer)         Turns: 10534, Time: 01:15:47

Health: -1/60      AC:  9    Str: 11    XL:     11   Next: 60%
Magic:  35/40      EV: 13    Int: 23    God:    Vehumet [*****.]
Gold:   717        SH:  4    Dex: 11    Spells: 13/38 levels left

rFire   . . .        c - +5 scimitar
rCold   . . .        d - +0 buckler
rNeg    . . .        P - +0 steam dragon scales
rPois   .            O - +1 helmet
rElec   .            E - +0 cloak
rCorr   .            k - +0 pair of gloves
SInv    .            (no boots)
Will    +....        z - amulet of magic regeneration
Stlth   ++           N - ring of magical power
HPRegen 0.30/turn    (no ring)
MPRegen 0.67/turn

%: no passive effects
@: studying Fighting
A: no striking features
a: Renounce Religion


You were on level 1 of the Orcish Mines.
You worshipped Vehumet.
Vehumet was extremely pleased with you.
You visited 2 branches of the dungeon, and saw 12 of its levels.
You also visited: Bailey.

You collected 717 gold pieces.

Inventory:

Hand Weapons
 a - a +2 vampiric dagger
 c - a +5 scimitar (weapon)
 r - a +4 trident of venom
 s - the +5 rapier of the Hero {heavy, rN+ Dex+3}
   (You found it on level 3 of the Dungeon)

   Dex:       It affects your dexterity (+3).
   rN:        It protects you from negative energy.
 M - a +2 rapier of venom
Missiles
 v - 48 poisoned darts (quivered)
 J - 6 curare-tipped darts
 L - 5 boomerangs
Armour
 d - a +0 buckler (worn)
 k - a +0 pair of gloves (worn)
 E - a +0 cloak (worn)
 O - a +1 helmet (worn)
 P - +0 steam dragon scales (worn)
Jewellery
 m - an amulet of reflection
 z - an amulet of magic regeneration (around neck)
 N - a ring of magical power (left hand)
Wands
 u - a wand of roots (18)
 C - a wand of flame (11)
 G - a wand of mindburst (9)
Scrolls
 g - a scroll of identify
 i - 5 scrolls of blinking {unknown}
 l - a scroll of fear
 n - 4 scrolls of enchant weapon {unknown}
 o - 2 scrolls of amnesia
 q - 2 scrolls of fog
 w - a scroll of enchant armour
 x - 2 scrolls of silence
 y - a scroll of magic mapping
 A - 2 scrolls of acquirement
 D - 3 scrolls of teleportation
 F - 2 scrolls of poison
 I - 3 scrolls of noise {unknown}
Potions
 b - 3 potions of lignification
 e - 3 potions of ambrosia {unknown}
 f - 6 potions of attraction {unknown}
 h - 2 potions of heal wounds
 j - 3 potions of haste
 p - 2 potions of brilliance
 B - 6 potions of curing
 H - a potion of mutation
 Q - a potion of cancellation {unknown}


   Skills:
 * Level 3.5 Fighting
 + Level 2.4(2.6) Short Blades
 + Level 1.2(1.9) Long Blades
 + Level 0.9 Throwing
 * Level 6.7 Dodging
 + Level 3.0 Stealth
 + Level 2.4 Shields
 * Level 14.2 Spellcasting
 * Level 5.0 Conjurations
 * Level 8.8 Necromancy
 + Level 4.0 Translocations
 + Level 2.8 Transmutations
 * Level 4.8 Fire Magic
 * Level 5.4 Air Magic
 - Level 5.3 Poison Magic
 + Level 1.0 Invocations
 + Level 0.5 Evocations


You had 13 spell levels left.
You knew the following spells:

 Your Spells              Type           Power      Damage    Failure   Level
a - Magic Dart            Conj           100%       1d8       1%          1
b - Blink                 Tloc           68%        N/A       1%          2
d - Vampiric Draining     Necr           54%        2d9       1%          3
l - Plasma Beam           Fire/Air       19%        2x1d34    24%         6
n - Ignite Poison         Fire/Tmut/Pois 36%        N/A       1%          3
p - Apportation           Tloc           68%        N/A       1%          1
t - Teleport Other        Tloc           34%        N/A       3%          3
v - Poisonous Vapours     Pois/Air       82%        N/A       1%          2
y - Sticky Flame          Conj/Fire      39%        2d6       1%          4

Your spell library contained the following spells:

 Spells                   Type           Power      Damage    Failure   Level
 Lesser Beckoning         Tloc           68%        N/A       1%          2
 Spider Form              Tmut/Pois      35%        N/A       2%          3
 Gell's Gravitas          Tloc           34%        N/A       3%          3
 Cause Fear               Hex            8%         N/A       45%         4
 Summon Mana Viper        Hex/Summ       16%        N/A       82%         5


Dungeon Overview and Level Annotations

Branches:
Dungeon (11/15)            Temple (0/1) D:6             Orc (1/2) D:10
 Bailey (visited)
   Lair: D:8-11

Altars:
Dithmenos
Fedhas
Hepliaklqana
Nemelex Xobeh
Okawaru
Qazlal
Ru
Trog
Uskayaw
Vehumet
Zin
The Shining One

Shops:
D:2 =   D:4 (


Message History

Poisonous vapours surround the orc knight!
The orc knight is poisoned.
The orc warrior hits you with a +0 glaive!
Casting: Poisonous Vapours (safe; 1% risk of failure)
Confirm with . or Enter, or press ? or * to list all spells.
Aiming: Poisonous Vapours (safe; 1% risk of failure)
Press: ? - help, Dir - move target, f/p - orc knight
Aim: an orc knight, wielding a +0 war axe and wearing a +0 plate armour (lightly wounded, very poisoned) Poisonous vapours surround the orc knight!
The orc knight looks as sick as possible!
The orc warrior closely misses you.
Casting: Poisonous Vapours (safe; 1% risk of failure)
Confirm with . or Enter, or press ? or * to list all spells.
You ignite the poison in your surroundings!
The orc warrior seems to burn from within!!!
You kill the orc warrior!
Vehumet accepts your kill.
You feel your power returning.
The orc knight seems to burn from within!!!
The orc knight is severely wounded.
The orc warrior closely misses you.
Casting: Ignite Poison (safe; 1% risk of failure)
Confirm with . or Enter, or press ? or * to list all spells.
Aiming: Vampiric Draining (safe; 1% risk of failure)
Press: ? - help, Shift-Dir - straight line, f/p - orc knight
Aim: an orc knight, wielding a +0 war axe and wearing a +0 plate armour (severely wounded)
You draw life force from the orc knight!
You feel life coursing into your body.
The orc warrior hits you but does no damage.
Casting: Vampiric Draining (safe; 1% risk of failure)
Confirm with . or Enter, or press ? or * to list all spells.
Aiming: Vampiric Draining (safe; 1% risk of failure)
Press: ? - help, Shift-Dir - straight line, f/p - orc knight
Aim: an orc knight, wielding a +0 war axe and wearing a +0 plate armour (almost dead)
Okay, then.
The orc warrior hits you from afar with a +0 trident!!
The orc warrior hits you with a +0 long sword!
* * * LOW HITPOINT WARNING * * *
The orc knight hits you with a +0 war axe!
You die...

## ##.##
#...# #@o.#
#o)...#
..ooT.##
...#.....#
..#.........#
.......#.#.##
... ... ####
$..#...


You could see an orc knight, a troll, 2 orc warriors and an orc (strong).

Vanquished Creatures
  Harold (D:9)
  2 two-headed ogres
  Lodul (D:11)
  Pikel (D:6)
  2 orc knights (Bailey)
  2 cyclopes (D:9)
  Joseph (D:7)
  A kobold demonologist (D:9)
  A troll (D:10)
  8 yaks (D:10)
  2 steam dragons
  2 wyverns
  Menkaure (D:7)
  An ice beast (D:6)
  A sky beast (D:6)
  10 orc warriors
  2 black bears
  4 ogres
  2 centaurs
  A phantom (D:7)
  Blork the orc (D:6)
  4 kobold brigands
  3 gnoll sergeants
  2 bullfrogs
  2 scorpions (D:5)
  10 wights
  16 killer bees
  2 howler monkeys (D:10)
  2 quasits (D:8)
  2 gnoll boudas
  6 hounds
  A jelly (D:6)
  Crazy Yiuf (D:7)
  6 orc priests
  A sleepcap (D:5)
  5 iguanas
  8 orc wizards
  27 gnolls
  9 adders
  3 shadow imps
  6 white imps
  4 ufetubi
  A worm (D:4)
  3 dart slugs
  53 orcs
  4 endoplasms
  9 goblins
  7 hobgoblins
  A quokka (D:1)
  6 ball pythons
  4 bats
  4 frilled lizards
  21 kobolds
  A rat (D:2)
281 creatures vanquished.

Notes
Turn   | Place    | Note
-------+----------+-------------------------------------------
     0 | D:1      | Esekla the Deep Elf Wanderer began the quest for the Orb.
     0 | D:1      | Esekla set off with the following items: a +0 club, a
                  | potion of lignification, a +0 robe, a +0 buckler; and the
                  | following spells available to memorise: Apportation, Blink,
                  | Lesser Beckoning, Magic Dart, Ignite Poison, Vampiric
                  | Draining.
     0 | D:1      | Reached XP level 1. HP: 10/10 MP: 7/7
     2 | D:1      | Learned a level 1 spell: Magic Dart
     4 | D:1      | Learned a level 1 spell: Apportation
   400 | D:4      | Found a radiant altar of Vehumet.
   404 | D:4      | Became a worshipper of Vehumet
   418 | D:4      | Found an iron altar of Okawaru.
   429 | D:4      | Found a glowing silver altar of Zin.
   568 | D:4      | Found Ponaysk's Antique Weapon Boutique.
   768 | D:3      | Reached XP level 2. HP: 14/15 MP: 6/9
   771 | D:3      | Learned a level 2 spell: Blink
   903 | D:2      | Reached skill level 5 in Spellcasting
  1250 | D:2      | Reached XP level 3. HP: 6/19 MP: 3/11
  1258 | D:2      | Found Renulab's Jewellery Shop.
  1417 | D:2      | Noticed a black bear
  1512 | D:1      | Learned a level 3 spell: Vampiric Draining
  1556 | D:1      | Reached * piety under Vehumet
  1556 | D:1      | Offered knowledge of Sandblast by Vehumet.
  1764 | D:1      | Learned a level 3 spell: Teleport Other
  1859 | D:1      | Reached skill level 1 in Necromancy
  1966 | D:2      | Reached XP level 4. HP: 17/24 MP: 6/13
  1996 | D:3      | Identified the +5 rapier of the Hero {heavy, rN+ Dex+3}
  2356 | D:3      | Reached skill level 6 in Spellcasting
  2362 | D:3      | Found a stormy altar of Qazlal.
  2385 | D:3      | HP: 1/24 [hound (3)]
  2388 | D:3      | Reached skill level 1 in Dodging
  2415 | D:3      | Found a hazy altar of Hepliaklqana.
  2417 | D:3      | Found a bloodstained altar of Trog.
  2705 | D:2      | Reached XP level 5. HP: 22/28 MP: 10/16
  2829 | D:2      | Found a faded altar of an unknown god.
  2899 | D:2      | Killed a black bear
  2900 | D:2      | Reached skill level 7 in Spellcasting
  2900 | D:2      | Reached skill level 1 in Conjurations
  3153 | D:5      | Entered Level 5 of the Dungeon
  3156 | D:5      | Got the Parchment of the Lumpy Olives
  3184 | D:5      | Found a shadowy altar of Dithmenos.
  3359 | D:5      | Reached XP level 6. HP: 31/32 MP: 14/18
  3618 | D:4      | Offered knowledge of Freeze by Vehumet.
  3645 | D:4      | Found a glowing golden altar of the Shining One.
  3654 | D:4      | Reached ** piety under Vehumet
  3704 | D:4      | Reached skill level 1 in Short Blades
  3891 | D:4      | Reached skill level 8 in Spellcasting
  3978 | D:5      | Reached XP level 7. HP: 23/36 MP: 20/20
  4334 | D:5      | Offered knowledge of Poisonous Vapours by Vehumet.
  4338 | D:5      | Learned a level 2 spell: Poisonous Vapours
  4342 | D:5      | Learned a level 3 spell: Ignite Poison
  4825 | D:6      | Reached skill level 9 in Spellcasting
  4851 | D:6      | Found a staircase to the Ecumenical Temple.
  4951 | D:6      | Noticed Pikel
  5082 | D:6      | Reached skill level 1 in Fire Magic
  5110 | D:6      | Reached skill level 1 in Transmutations
  5110 | D:6      | Reached skill level 1 in Poison Magic
  5110 | D:6      | Reached XP level 8. HP: 17/41 MP: 16/23
  5112 | D:6      | Noticed Blork the orc
  5233 | D:6      | Killed Blork the orc
  5234 | D:6      | Reached skill level 1 in Air Magic
  5293 | D:6      | Reached *** piety under Vehumet
  5595 | D:6      | Reached skill level 10 in Spellcasting
  5659 | D:6      | Killed Pikel
  5660 | D:6      | Reached skill level 5 in Necromancy
  5783 | D:7      | Found a runed translucent door.
  5784 | D:7      | Noticed Crazy Yiuf
  5789 | D:7      | Killed Crazy Yiuf
  5974 | D:6      | Reached XP level 9. HP: 28/45 MP: 17/25
  5985 | D:6      | Offered knowledge of Sticky Flame by Vehumet.
  6005 | D:6      | Found a blossoming altar of Fedhas.
  6031 | D:6      | Learned a level 4 spell: Sticky Flame
  6157 | D:7      | Reached skill level 5 in Dodging
  6241 | D:7      | Noticed Menkaure
  6247 | D:7      | Killed Menkaure
  6326 | D:7      | Reached skill level 11 in Spellcasting
  6599 | D:8      | Reached **** piety under Vehumet
  6746 | D:8      | Offered knowledge of Volatile Blastmotes by Vehumet.
  7058 | D:8      | Reached skill level 1 in Long Blades
  7365 | D:8      | Noticed a two-headed ogre
  7404 | D:8      | Killed a two-headed ogre
  7405 | D:8      | Reached skill level 12 in Spellcasting
  7405 | D:8      | Reached XP level 10. HP: 23/50 MP: 19/28
  7464 | D:8      | Found a transporter.
  7464 | D:8      | Found a transporter.
  7465 | D:8      | Found a transporter.
  7534 | D:8      | Found a hide-covered altar of Uskayaw.
  7601 | D:8      | Found a transporter.
  7823 | D:7      | Noticed Joseph
  7856 | D:7      | Killed Joseph
  8027 | D:9      | Found a flagged portal.
  8088 | Bailey   | Entered a bailey
  8121 | Bailey   | Reached ***** piety under Vehumet
  8121 | Bailey   | Offered knowledge of Plasma Beam by Vehumet.
  8130 | Bailey   | Learned a level 6 spell: Plasma Beam
  8417 | Bailey   | Identified the +2 bardiche of Puhoisos {heavy, rElec
                  | Stlth+}
  8586 | Bailey   | Noticed an orc knight
  8586 | Bailey   | Noticed an orc knight
  8645 | Bailey   | Killed an orc knight
  8718 | Bailey   | Killed an orc knight
  8878 | D:9      | Reached skill level 13 in Spellcasting
  8947 | D:9      | Reached skill level 1 in Fighting
  9126 | D:9      | Noticed a cyclops
  9135 | D:9      | Killed a cyclops
  9236 | D:9      | Reached skill level 5 in Poison Magic
  9285 | D:9      | Noticed a cyclops
  9306 | D:9      | Reached XP level 11. HP: 56/57 MP: 28/30
  9474 | D:9      | Found a sparkling altar of Nemelex Xobeh.
  9499 | D:9      | Noticed Harold
  9505 | D:9      | Killed Harold
  9581 | D:9      | Noticed a two-headed ogre
  9584 | D:9      | Killed a two-headed ogre
  9785 | D:10     | Entered Level 10 of the Dungeon
  9863 | D:11     | Noticed Lodul
  9868 | D:11     | Killed Lodul
  9912 | D:10     | Reached skill level 14 in Spellcasting
  9959 | D:10     | Found a sacrificial altar of Ru.
 10248 | D:10     | Reached skill level 5 in Air Magic
 10305 | D:10     | Reached skill level 5 in Conjurations
 10385 | D:10     | Found a staircase to the Orcish Mines.
 10524 | Orc:1    | Entered Level 1 of the Orcish Mines
 10525 | Orc:1    | Noticed an orc knight
 10534 | Orc:1    | Slain by an orc knight

Illustrated notes

Levels and vault maps discovered:
D:1:      sevenhm_arrival_forest_fort_small_3, layout_rooms,
          chequers_serial_rivers_room_b, minmay_misc_feat_five
D:2:      layout_loops_ring, dreamdust_ecumenical_altar_angels_and_demons,
          serial_shops, shop
D:3:      layout_basic, grunt_temple_overflow_open, minmay_misc_feat_iff
D:4:      layout_basic, nicolae_overflow_quartered_altars, serial_shops,
          nicolae_diamond_shop
D:5:      layout_loops_ring, lemuel_doored_altar, minmay_misc_feat_rows,
          dreamdust_wishing_well
D:6:      layout_loops_cross, fedhas_altar_fruit_tree,
          minmay_temple_entry_glass, uniq_pikel, uniq_blork_the_orc
D:7:      layout_basic, uniq_menkaure, uniq_joseph, uniq_crazy_yiuf_cottage
D:8:      layout_basic, nicolae_uskayaw_dance_hall, serial_demonic,
          serial_demonic_d, serial_demonic_a, serial_demonic_c,
          serial_demonic_c, nicolae_diode_quadrants
D:9:      layout_irregular_city, kennysheep_little_box, enter_bailey_4,
          minmay_between, uniq_harold
D:10:     layout_basic, nicolae_ru_awakened_eye
D:11:     layout_rooms, hellmonk_lair_entry_icy, serial_ice, serial_ice_j,
          serial_ice_m, serial_ice_o, serial_ice_c, serial_ice_g, serial_ice_f,
          guppyfry_shop_earth, uniq_psyche, uniq_lodul
Orc:1:    layout_caves

Skill      XL: |  1  2  3  4  5  6  7  8  9 10 11 |
---------------+----------------------------------+-----
Spellcasting   | 5 6 7 8 9 10 12 13 14 | 14.2
Necromancy     | 1 2 3 4 5 6 8 |  8.8
Dodging        | 1 2 3 4 5 6 |  6.7
Conjurations   | 1 2 4 5 |  5.0
Translocations | 3 4 |  4.0
Short Blades   | 1 2 |  2.4
Stealth        | 2 3 |  3.0
Fire Magic     | 1 2 3 4 |  4.8
Transmutations | 1 2 |  2.8
Poison Magic   | 1 2 3 5 |  5.3
Air Magic      | 1 2 4 5 |  5.4
Shields        | 2 |  2.4
Long Blades    | 1 |  1.2
Fighting       | 2 3 |  3.5
Throwing       | |  0.9
Invocations    | |  1.0
Evocations     | |  0.5

Action                     |  1- 3 |  4- 6 |  7- 9 | 10-12 || total
---------------------------+-------+-------+-------+-------++-------
  Melee: Short sword       |    68 |     9 |       |       ||    77
         Rapier            |       |    52 |    68 |    22 ||   142
         Dagger            |       |     6 |    39 |    17 ||    62
         Scimitar          |       |       |    47 |    31 ||    78
  Throw: Dart              |       |    19 |     1 |    13 ||    33
   Cast: Apportation       |    29 |    11 |    36 |    20 ||    96
         Magic Dart        |    49 |    56 |    33 |     7 ||   145
         Blink             |     2 |     2 |     6 |     5 ||    15
         Vampiric Draining |     1 |    27 |    69 |    66 ||   163
         Poisonous Vapours |       |       |    30 |    68 ||    98
         Ignite Poison     |       |       |    12 |    31 ||    43
         Sticky Flame      |       |       |     5 |    18 ||    23
  Evoke: Wand              |       |       |     7 |     6 ||    13
    Use: Scroll            |     1 |       |     1 |    13 ||    15
         Potion            |     2 |       |     2 |     1 ||     5
   Stab: Sleeping          |     1 |     2 |    10 |     6 ||    19
 Armour: Robe              |    32 |    24 |    52 |    24 ||   132
         Steam dragon scal |       |       |       |    17 ||    17
  Dodge: Dodged            |    53 |    77 |   150 |   133 ||   413
  Block: Buckler           |    14 |    16 |    44 |    45 ||   119
